 Dungeon Crawl Stone Soup version 0.23.2-1-ga50397a6bc (webtiles) character file.

Game seed: 11306881645855282994

986418 FluffierThanThou the Conqueror (level 27, -32/245 HPs)
             Began as a Minotaur Fighter on May 19, 2019.
             Was the Champion of the Shining One.
             Killed from afar by a hellion (37 damage)
             ... with damnation
             ... on level 5 of Gehenna on May 20, 2019.
             The game lasted 05:59:38 (66314 turns).

FluffierThanThou the Conqueror (Minotaur Fighter)  Turns: 66314, Time: 05:59:38

Health: -32/245    AC: 44    Str: 45    XL:     27
Magic:  32/34      EV: 22    Int:  5    God:    the Shining One [******]
Gold:   7477       SH: 14    Dex: 23    Spells: 39/44 levels left

rFire    + + +     SeeInvis .   a - +9 executioner's axe (holy)
rCold    + + +     Gourm    .   (shield currently unavailable)
rNeg     + + +     Faith    +   t - +9 scales of the Dragon King {rPois rF+ rC+ MR+}
rPois    +         Spirit   .   s - +2 hat of the Monkey's Uncle {rN+ Str+3 Dex+3}
rElec    .         Reflect  .   G - scarf {rC+ rF+}
rCorr    .         Harm     .   T - +0 pair of fencer's gloves {Riposte Dex+3}
MR       ++++.                  I - +1 pair of boots {Fly}
Stlth    ..........             v - amulet of Temptation {Faith *Slow rN++ Dex+6}
HPRegen  0.50/turn              L - ring "Ysa Tioq" {rC+ Str+8}
MPRegen  0.24/turn              P - ring of Riew {rF+ rN+ MP+9 Str+3 Slay+2}

@: divine shield, flying, glowing, studying Staves
A: retaliatory headbutt, horns 2, iridescent scales 1, clumsy 1, cold resistance
1, frail 1, low mp 3, magic resistance 1, mutation resistance 1, poison
resistance, screaming 1, subdued magic 1
}: 7/15 runes: decaying, serpentine, slimy, silver, icy, bone, abyssal
a: Divine Shield, Cleansing Flame, Summon Divine Warrior, Renounce Religion,
Stop Flying


You were on level 5 of Gehenna.
You worshipped the Shining One.
The Shining One was exalted by your worship.
You were not hungry.

You visited 15 branches of the dungeon, and saw 72 of its levels.
You visited the Abyss 4 times.
You visited 1 ziggurat, and saw 12 of its levels.
You also visited: Sewer, Ossuary and Ice Cave.

You collected 9895 gold pieces.
You spent 2418 gold pieces at shops.

Inventory:

Hand Weapons
 a - a +9 executioner's axe of holy wrath (weapon)
 b - the +9 longbow "Pouchul" {freeze, +Blink rF+ SInv}
   (Okawaru gifted it to you on level 3 of the Abyss)

   It causes projectiles fired from it to freeze those they strike, causing
   extra injury to most foes and up to half again as much damage against
   particularly susceptible opponents.
   They can also slow down cold-blooded creatures.
   It protects you from fire.
   It lets you see invisible.
   It lets you blink.
 c - the +8 broad axe of Fimbulwinter {flame, rElec}
   (Okawaru gifted it to you on level 10 of a ziggurat)

   It has been specially enchanted to burn those struck by it, causing extra
   injury to most foes and up to half again as much damage against particularly
   susceptible opponents.
   Big, fiery blades are also staple armaments of hydra-hunters.
   It insulates you from electricity.
 m - the +10 broad axe "Newtbane" {freeze, Int+3}
   (Okawaru gifted it to you on level 1 of the Lair of Beasts)

   It has been specially enchanted to freeze those struck by it, causing extra
   injury to most foes and up to half again as much damage against particularly
   susceptible opponents.
   It can also slow down cold-blooded creatures.
   It affects your intelligence (+3).
Missiles
 j - 951 arrows
Armour
 s - the +2 hat of the Monkey's Uncle (worn) {rN+ Str+3 Dex+3}
   (Okawaru gifted it to you on level 4 of the Pits of Slime)

   It affects your strength (+3).
   It affects your dexterity (+3).
   It protects you from negative energy.
 t - the +9 scales of the Dragon King (worn) {rPois rF+ rC+ MR+}
   (You found it on level 11 of a ziggurat)

   It protects you from fire.
   It protects you from cold.
   It protects you from poison.
   It affects your resistance to hostile enchantments.
 G - a scarf of resistance (worn)
 I - a +1 pair of boots of flying (worn)
 T - the +0 pair of fencer's gloves (worn) {Riposte Dex+3}
   (You found it on level 11 of a ziggurat)

   It affects your dexterity (+3).
 Z - the +4 large shield of the Crown {rElec Regen+ Str+7 Stlth-}
   (You found it on level 1 of the Lair of Beasts)

   It affects your strength (+7).
   It insulates you from electricity.
   It increases your rate of regeneration.
   It makes you less stealthy.
Jewellery
 o - an uncursed ring of ice
 v - the amulet of Temptation (around neck) {Faith *Slow rN++ Dex+6}
   (You bought it in a shop on level 1 of the Vaults)

   [amulet of faith]

   It allows you to gain divine favour quickly.
   It affects your dexterity (+6).
   It greatly protects you from negative energy.
   It may slow you when you take damage.
 L - the ring "Ysa Tioq" (left hand) {rC+ Str+8}
   (You found it on level 5 of the Vaults)

   [ring of protection from cold]

   It affects your strength (+8).
   It protects you from cold.
 P - the ring of Riew (right hand) {rF+ rN+ MP+9 Str+3 Slay+2}
   (You bought it in a shop on level 1 of the Vaults)

   [ring of magical power]

   It affects your strength (+3).
   It affects your accuracy and damage with ranged weapons and melee attacks
   (+2).
   It protects you from fire.
   It protects you from negative energy.
   It affects your magic capacity (+9).
Wands
 y - a wand of flame (123)
 H - a wand of acid (45)
 K - a wand of digging (43)
Scrolls
 h - 38 scrolls of teleportation
 i - 4 scrolls of silence
 n - 5 scrolls of identify
 p - 10 scrolls of fear
 u - 17 scrolls of remove curse
 w - 15 scrolls of fog
 z - 17 scrolls of blinking
 A - a scroll of brand weapon
 C - 4 scrolls of summoning
 D - 7 scrolls of enchant armour
 N - a scroll of amnesia
 O - a scroll of acquirement
 R - 9 scrolls of magic mapping
 U - 8 scrolls of enchant weapon
 Y - 5 scrolls of holy word
Potions
 d - 3 potions of might
 e - 4 potions of invisibility
 g - 3 potions of haste
 k - 16 potions of curing
 l - 7 potions of cancellation
 q - 3 potions of heal wounds
 r - a potion of brilliance
 x - 4 potions of resistance
 E - 14 potions of agility
 F - 6 potions of berserk rage
 Q - 6 potions of lignification
 W - 3 potions of ambrosia
Books
 V - a manual of Staves
Comestibles
 f - 65 rations


   Skills:
 O Level 27 Fighting
 - Level 25.0 Axes
 * Level 13.7 Bows
 + Level 26.6 Armour
 - Level 16.5 Dodging
 - Level 25.9 Shields
 + Level 9.2 Spellcasting
 + Level 6.0 Charms
 - Level 10.0 Translocations
 + Level 21.5 Invocations
 - Level 10.0 Evocations


You had 39 spell levels left.
You knew the following spells:

 Your Spells              Type           Power        Failure   Level  Hunger
a - Apportation           Tloc           #.....       1%          1    #......
b - Blink                 Tloc           N/A          1%          2    ##.....
c - Song of Slaying       Chrm           #.......     7%          2    ##.....

Your spell library contained the following spells:

 Spells                   Type           Power        Failure   Level  Hunger
 Shroud of Golubria       Chrm/Tloc      #.........   2%          2    ##.....
 Gell's Gravitas          Tloc           #.........   2%          3    ###....
 Lesser Beckoning         Tloc           #.........   2%          3    ###....
 Teleport Other           Tloc           #.......     2%          3    ###....
 Infusion                 Chrm           #...         4%          1    #......
 Passage of Golubria      Tloc           N/A          9%          4    #####..
 Portal Projectile        Hex/Tloc       #.....       22%         3    ###....
 Recall                   Summ/Tloc      N/A          22%         3    ###....
 Swiftness                Chrm/Air       #.......     24%         2    ##.....
 Ozocubu's Armour         Chrm/Ice       #.......     45%         3    ###....
 Regeneration             Chrm/Necr      #.........   45%         3    ###....
 Spectral Weapon          Hex/Chrm       #.......     45%         3    ###....
 Animate Skeleton         Necr           N/A          52%         1    #......
 Beastly Appendage        Tmut           #.....       52%         1    #......
 Confusing Touch          Hex            #.....       52%         1    #......
 Corona                   Hex            #......      52%         1    #......
 Flame Tongue             Conj/Fire      #....        52%         1    #......
 Magic Dart               Conj           #...         52%         1    #......
 Shock                    Conj/Air       #...         52%         1    #......
 Summon Butterflies       Summ           #.......     52%         1    #......
 Summon Small Mammal      Summ           #...         52%         1    #......
 Force Lance              Conj/Tloc      #.......     61%         4    #####..
 Call Imp                 Summ           #.......     67%         2    ##.....
 Corpse Rot               Necr           N/A          67%         2    ##.....
 Ensorcelled Hibernation  Hex/Ice        #.....       67%         2    ##.....
 Passwall                 Tmut/Erth      #.......     67%         2    ##.....
 Poisonous Vapours        Pois/Air       #.....       67%         2    ##.....
 Searing Ray              Conj           #.....       67%         2    ##.....
 Slow                     Hex            #.......     67%         2    ##.....
 Sublimation of Blood     Necr           #.........   67%         2    ##.....
 Throw Flame              Conj/Fire      #.....       67%         2    ##.....
 Throw Frost              Conj/Ice       #.....       67%         2    ##.....
 Call Canine Familiar     Summ           #.......     88%         3    ###....
 Confuse                  Hex            #.......     88%         3    ###....
 Conjure Flame            Conj/Fire      #.......     88%         3    ###....
 Dazzling Spray           Conj/Hex       #.....       88%         3    ###....
 Ignite Poison            Fire/Tmut/Pois #.......     88%         3    ###....
 Inner Flame              Hex/Fire       #.......     88%         3    ###....
 Mephitic Cloud           Conj/Pois/Air  #.......     88%         3    ###....
 Static Discharge         Conj/Air       #.......     88%         3    ###....
 Stone Arrow              Conj/Erth      #.....       88%         3    ###....
 Summon Guardian Golem    Hex/Summ       #.......     88%         3    ###....
 Summon Forest            Summ/Tloc      #.........   92%         5    ######.
 Cause Fear               Hex            #.........   99%         4    #####..
 Fulminant Prism          Conj/Hex       #.........   99%         4    #####..
 Iskenderun's Mystic Bla  Conj           #.......     99%         4    #####..
 Leda's Liquefaction      Hex/Erth       #.........   99%         4    #####..
 Petrify                  Tmut/Erth      #.......     99%         4    #####..
 Sticky Flame             Conj/Fire      #.......     99%         4    #####..
 Summon Ice Beast         Ice/Summ       #.......     99%         4    #####..
 Summon Lightning Spire   Summ/Air       #.......     99%         4    #####..
 Excruciating Wounds      Chrm/Necr      #.........   99%         5    ######.
 Iskenderun's Battlesphe  Conj/Chrm      #.......     99%         5    ######.
 Agony                    Necr           #.......     100%        5    ######.
 Alistair's Intoxication  Tmut/Pois      #.......     100%        5    ######.
 Aura of Abjuration       Summ           #.........   100%        5    ######.
 Blade Hands              Tmut           #.........   100%        5    ######.
 Bolt of Draining         Conj/Necr      #.........   100%        5    ######.
 Bolt of Magma            Conj/Fire/Erth #.........   100%        5    ######.
 Borgnjor's Vile Clutch   Necr/Erth      #.........   100%        5    ######.
 Dispel Undead            Necr           #.......     100%        5    ######.
 Fireball                 Conj/Fire      #.........   100%        5    ######.
 Irradiate                Conj/Tmut      #.........   100%        5    ######.
 Lightning Bolt           Conj/Air       #.........   100%        5    ######.
 Metabolic Englaciation   Hex/Ice        #.........   100%        5    ######.
 Silence                  Hex/Air        #.........   100%        5    ######.
 Summon Demon             Summ           #.........   100%        5    ######.
 Summon Mana Viper        Hex/Summ       #.......     100%        5    ######.
 Venom Bolt               Conj/Pois      #.........   100%        5    ######.
 Yara's Violent Unravell  Hex/Tmut       #.........   100%        5    ######.
 Bolt of Fire             Conj/Fire      #.........   100%        6    #######
 Conjure Ball Lightning   Conj/Air       #.........   100%        6    #######
 Darkness                 Hex            #.........   100%        6    #######
 Deflect Missiles         Chrm/Air       #.........   100%        6    #######
 Freezing Cloud           Conj/Ice/Air   #.........   100%        6    #######
 Hydra Form               Tmut           #.........   100%        6    #######
 Iron Shot                Conj/Erth      #.........   100%        6    #######
 Shadow Creatures         Summ           N/A          100%        6    #######
 Statue Form              Tmut/Erth      #........    100%        6    #######
 Dragon Form              Tmut           #.........   100%        7    #######
 Orb of Destruction       Conj           #.........   100%        7    #######
 Ring of Flames           Chrm/Fire      #.........   100%        7    #######
 Spellforged Servitor     Conj/Summ      #.........   100%        7    #######
 Summon Hydra             Summ           #.........   100%        7    #######
 Ignition                 Fire           #.........   100%        8    #######
 Tornado                  Air            #.........   100%        9    #######


Dungeon Overview and Level Annotations

Branches:
Dungeon (15/15)            Temple (1/1) D:6            Lair (6/6) D:9
  Swamp (4/4) Lair:3        Snake (4/4) Lair:2        Slime (5/5) Lair:5
    Orc (2/2) D:12            Elf (2/3) Orc:2        Vaults (5/5) D:13
  Crypt (3/3) Vaults:3       Tomb (0/3) Crypt:3      Depths (5/5) D:15
   Hell (1/1)                 Dis (0/7) Hell            Geh (5/7) Hell
    Coc (7/7) Hell            Tar (7/7) Hell            Zot (0/5) Depths:5

Altars:
Ashenzari
Cheibriados
Dithmenos
Elyvilon
Fedhas
Gozag
Hepliaklqana
Kikubaaqudgha
Makhleb
Nemelex Xobeh
Okawaru
Qazlal
Ru
Sif Muna
Trog
Uskayaw
Vehumet
Wu Jian
Xom
Yredelemnul
Zin
The Shining One
Beogh
Jiyva

Shops:
D:9 ?   D:10 *   Orc:2 (*}[   Elf:1 ?   Elf:2 *   Snake:1 *   Vaults:1 =

Portals:
Hell: Depths:1 Depths:2 Depths:3 Depths:4 Depths:5
Abyss: Depths:1 Depths:4
Pandemonium: Depths:3 Depths:4 Depths:5

Annotations:
D:3 2 runed translucent doors, TheAraber's ghost, amateur DrIE
D:9 3 runed translucent doors
Depths:3 3 runed translucent doors


Innate Abilities, Weirdness & Mutations

You reflexively headbutt those who attack you in melee.
You have a pair of horns on your head.
You are partially covered in iridescent scales. (AC +2)
You are clumsy. (Dex -2)
Your flesh is cold resistant. (rC+)
You are frail. (-10% HP)
Your magical capacity is extremely low. (-30% MP)
You are resistant to hostile enchantments. (MR+)
You are somewhat resistant to further mutation.
Your system is resistant to poisons. (rPois)
You occasionally shout uncontrollably at your foes.
Your spells are a little easier to cast, but a little less powerful.


Message History

* * * LOW HITPOINT WARNING * * *
You hear a shout!
You feel much better. The hellion gestures at you.
The sphere of damnation explodes!
The damnation engulfs you!!
* * * LOW HITPOINT WARNING * * *
The hellion gestures at you.
The sphere of damnation explodes!
The damnation engulfs you!!
* * * LOW HITPOINT WARNING * * *
The hellion gestures at you.
The sphere of damnation explodes!
The damnation engulfs you!! The Shining One protects you from harm!
The damnation engulfs the Brimstone Fiend.
The Brimstone Fiend completely resists.
Okay, then.
Cast which spell? (? or * to list)
You blink.
The hellion gestures at you.
The sphere of damnation explodes!
The damnation engulfs you!!!
You die...

§.§.§.....#
§≈.≈°≈§≈§.##....#
§..≈##§≈≈≈# ....
...≈§§≈†≈≈# ....
.....§†§≈≈# ...
.....##§≈§###..
≈.####..≈§§##'##§# .
#.§.≈§≈≈#..§≈##≈.
...≈≈≈≈1≈§.@..≈≈≈§.
...≈≈§≈§2≈§...≈≈≈..
≈≈.≈≈§§≈2≈≈≈.≈.≈§≈..
#....≈≈≈222§≈.§≈≈..#
..§≈≈≈2§.≈≈≈≈....##
§ §≈§≈22≈§§≈§....#
≈≈≈§≈≈≈≈≈≈.≈.§§.#
≈§§≈Z≈≈§≈§≈§..


You could see a Brimstone Fiend, 7 hellions and an anaconda skeleton.

Vanquished Creatures
  Antaeus (Coc:7)
  the Royal Jelly (Slime:5)
  Ereshkigal (Tar:7)
  the Serpent of Hell (Coc:7)
  Mara (Snake:4)
  An ancient lich (Vaults:5)
  A juggernaut (Depths:5)
  13 shard shrikes
  Boris (Depths:4)
  Vashnia (Snake:2)
  Margery (Depths:4)
  Geryon (Hell)
  2 caustic shrikes
  A profane servitor (Abyss:3)
  Jory (Depths:4)
  2 golden dragons
  10 bone dragons
  the Enchantress (Depths:4)
  21 Tzitzimimeh
  10 Brimstone Fiends
  3 hellephants
  15 doom hounds
  Jorgrun (Swamp:1)
  10 Ice Fiends
  A Hell Sentinel (Abyss:3)
  8 tentacled monstrosities
  5 deep elf blademasters
  16 titans
  2 quicksilver dragons
  10 liches
  Asterion (Elf:2)
  7 deep elf master archers
  An ancient champion (Zig:6)
  17 acid blobs
  2 eldritch tentacles
  An Executioner (Zig:8)
  Kirke (Snake:4)
  9 sphinxes
  6 tentacled starspawn (Abyss:3)
  2 thorn hunters
  7 tengu reavers
  10 shadow dragons
  3 storm dragons
  Roxanne (Swamp:3)
  2 draconian monks (Zig:11)
  2 revenants
  8 nagarajas
  19 azure jellies
  23 frost giants
  The ghost of LabCoat the Severer, a journeyman HOFi of Trog (Swamp:3)
  11 vault wardens
  7 balrugs
  A deep elf elementalist (Vaults:5)
  A draconian knight (Zig:11)
  19 fire giants
  A ghost moth (Zig:5)
  3 deep elf sorcerers
  2 curse skulls
  2 orc warlords
  A cacodemon (Depths:5)
  Aizul (Swamp:1)
  5 draconian shifters
  2 ghouls
  4 draconian annihilators (Zig:11)
  An emperor scorpion (Zig:7)
  11 ironheart preservers
  6 spriggan defenders
  37 reapers
  30 stone giants
  3 elemental wellsprings
  An ophan (Abyss:3)
  2 draconian stormcallers
  6 caustic shrike skeletons (Depths:4)
  3 war gargoyles
  33 very ugly things
  4 entropy weavers
  6 green draconians
  2 deep elf demonologists
  3 black draconians
  4 deep elf annihilators
  7 vampire knights
  A minotaur (shapeshifter) (Depths:2)
  4 white draconians
  Azrael (D:13)
  6 spark wasps (Depths:5)
  A lorocyproca (Hell)
  3 yellow draconians
  7 dire elephants (Abyss:3)
  3 eidola
  12 blizzard demons
  2 red draconians
  The ghost of Ikoden the Cleaver, a journeyman HOFi of Beogh (Orc:2)
  2 purple draconians (Depths:5)
  6 death oozes
  2 crystal guardians
  A mummy priest (Zig:2)
  12 ettins
  8 fire dragons
  2 green deaths
  8 deep elf death magi
  4 jiangshi
  2 spectral krakens (Tar:7)
  20 yaktaur captains
  A quicksilver dragon zombie (Coc:1)
  18 ogre magi
  4 rakshasas
  26 vault guards
  4 deep elf high priests
  An ice dragon (shapeshifter) (Vaults:3)
  14 great orbs of eyes
  2 kraken zombies
  3 shambling mangroves
  31 ice dragons
  2 quicksilver dragon skeletons
  The ghost of Menchi the Blocker, a journeyman GnFi of Gozag (D:10)
  13 naga warriors
  15 anacondas
  6 spriggan air magi
  29 hydras
  12 centaur warriors
  5 ghost crabs
  4 catoblepae
  4 deep troll shamans
  12 alligators
  4 death knights
  17 death yaks
  Erica (D:11)
  9 vampire magi
  21 dancing weapons
  37 two-headed ogres
  4 titan zombies
  A two-headed ogre (shapeshifter) (Depths:3)
  10 deep troll earth magi
  5 tengu warriors
  19 hell hogs
  8 spriggan berserkers
  4 orc high priests (Elf:1)
  2 thrashing horrors (Abyss:3)
  26 soul eaters
  5 shock serpents
  25 deep elf knights
  19 naga sharpshooters
  19 sun demons
  3 iron golems
  4 storm dragon skeletons
  A spark wasp zombie (Depths:3)
  8 storm dragon zombies
  3 titan skeletons
  An iron troll (Depths:5)
  5 salamander mystics
  125 skeletal warriors
  4 wretched stars
  52 hell knights
  An unseen horror (shapeshifter) (Zig:12)
  7 shadow wraiths
  A quicksilver dragon simulacrum (Coc:1)
  A sixfirhy (Abyss:3)
  2 wizards
  An iron giant zombie (Crypt:1)
  21 deep trolls
  A death drake (Tar:3)
  2 golden dragon zombies
  4 spatial maelstroms (Abyss:3)
  19 shadow demons
  A torturous demonspawn (Depths:5)
  4 glowing orange brains
  11 swamp dragons
  7 unseen horrors
  13 flayed ghosts
  15 naga ritualists
  7 wolf spider zombies
  7 spriggan druids (Depths:4)
  9 anaconda zombies
  A ghost moth zombie (Coc:7)
  An obsidian statue (Zig:1)
  11 deep elf archers
  18 large abominations
  An orange crystal statue (Zig:1)
  14 ironbrand convokers
  4 orb spiders
  23 phantasmal warriors
  12 orc knights
  2 shadow dragon skeletons
  An orb spider (shapeshifter) (Vaults:2)
  19 necromancers
  An oklob plant (Snake:2)
  10 anaconda skeletons
  A harpy (shapeshifter) (Elf:1)
  18 mana vipers
  3 golden dragon skeletons
  5 stone giant zombies
  A shadow dragon zombie (Coc:4)
  49 ugly things
  32 starcursed masses (Abyss:3)
  60 deep elf magi
  4 orc sorcerers
  6 frost giant zombies
  5 iron dragon zombies
  14 cyclopes
  9 shining eyes
  2 shining eyes (shapeshifter)
  3 wolf spiders
  12 salamanders
  A cyclops (shapeshifter) (Depths:5)
  A manticore (shapeshifter) (Vaults:5)
  3 fire giant zombies
  A faun (shapeshifter) (Vaults:5)
  A worldbinder (Abyss:3)
  A moth of wrath (Zig:7)
  7 manticores
  9 elephants
  6 stone giant skeletons
  4 iron dragon skeletons
  6 ice statues
  8 frost giant skeletons
  3 torpor snails
  47 black mambas
  6 dire elephant zombies
  8 rust devils (Hell)
  4 guardian serpents
  2 shock serpent zombies
  11 fire giant skeletons
  2 shock serpent skeletons
  10 smoke demons
  An orange demon (Abyss:3)
  6 gargoyles
  4 eyes of devastation
  31 naga magi
  3 emperor scorpion zombies
  4 dire elephant skeletons
  A storm dragon simulacrum (Hell)
  12 spiny frogs
  19 hellions
  3 spriggan zombies
  53 freezing wraiths
  14 tormentors
  2 yaktaurs (shapeshifter)
  2 catoblepas zombies
  15 vault sentinels
  11 spectral swamp worms
  A yellow draconian zombie (Crypt:1)
  A grey draconian zombie (Crypt:2)
  An anaconda simulacrum (Coc:7)
  2 rime drakes (shapeshifter)
  7 tengu conjurers
  4 rime drakes
  43 yaktaurs
  A black draconian skeleton (Tar:5)
  A spriggan skeleton (Zig:2)
  26 ice devils
  4 efreet
  12 komodo dragons
  2 guardian mummies (Crypt:3)
  18 red devils
  3 demonic crawlers (Zig:7)
  4 ancient zymes (Abyss:3)
  4 jumping spiders
  3 harpy zombies
  22 trolls
  A meliai (shapeshifter) (D:15)
  A queen bee (shapeshifter) (Depths:2)
  5 silent spectres
  2 polar bears
  A wind drake (shapeshifter) (Vaults:5)
  17 hydra zombies
  26 hornets
  14 hydra skeletons
  4 harpy skeletons
  A hornet (shapeshifter) (Vaults:4)
  5 hippogriffs
  10 tyrant leeches
  19 bog bodies
  119 slime creatures
  A tengu simulacrum (Vaults:1)
  2 dream sheep (shapeshifter)
  5 ice dragon zombies
  18 blink frogs
  5 ettin zombies
  2 fire dragon zombies (Coc:7)
  4 raiju (Abyss:3)
  A blink frog (shapeshifter) (Vaults:4)
  An iron dragon simulacrum (Depths:1)
  2 frost giant simulacra
  A stone giant simulacrum (Vaults:1)
  19 alligator zombies
  4 alligator skeletons
  103 flying skulls
  4 air elementals (Elf:2)
  12 redbacks
  46 spriggans
  5 ynoxinuls
  A fire dragon skeleton (Geh:2)
  A yak (shapeshifter) (Depths:2)
  A spriggan (shapeshifter) (Vaults:1)
  2 black mamba zombies
  6 ice dragon skeletons
  3 tarantellas
  59 yaks
  A deep troll skeleton (Depths:1)
  A tarantella (shapeshifter) (Abyss:3)
  An ushabti (Crypt:3)
  11 water elementals
  2 wyverns
  A dire elephant simulacrum (Coc:1)
  10 ettin skeletons
  27 fire elementals
  3 fire bats (Abyss:3)
  43 shadows
  25 wraiths
  A golden eye (shapeshifter) (D:13)
  3 hogs (Snake:4)
  A basilisk (Lair:5)
  8 golden eyes
  5 chaos spawn (Depths:1)
  5 hungry ghosts
  4 neqoxecs
  5 black mamba skeletons
  12 small abominations
  9 vampire mosquitoes
  6 wargs
  63 nagas
  A harpy simulacrum (Tar:4)
  22 insubstantial wisps
  18 swamp worms
  14 water moccasins
  12 spatial vortices
  3 acid dragons
  4 human skeletons
  A soldier ant (shapeshifter) (Abyss:3)
  10 spiny frog zombies
  A hydra simulacrum (Coc:1)
  12 swamp drakes
  66 hell hounds
  10 porcupines
  8 spiny frog skeletons
  3 black bears
  An ettin simulacrum (Vaults:1)
  2 manticore zombies (Geh:1)
  17 phantoms
  A black bear (shapeshifter) (Vaults:2)
  8 eyes of draining
  An eye of draining (shapeshifter) (Vaults:2)
  59 ogres
  37 orc warriors
  2 alligator simulacra
  2 hornet zombies
  31 ice beasts
  5 sky beasts
  A tengu (shapeshifter) (Vaults:2)
  44 necrophages
  2 snapping turtle zombies
  6 snapping turtle skeletons
  4 wolves (Lair:3)
  5 boggarts
  3 swamp dragon skeletons
  3 swamp dragon zombies
  9 centaurs
  A salamander zombie (Crypt:1)
  2 big kobolds (D:9)
  14 crocodiles
  3 elf zombies
  A fire crab zombie (Crypt:2)
  A big kobold (shapeshifter) (Depths:1)
  24 bullfrogs
  A gnoll sergeant (Orc:1)
  2 wyvern zombies
  5 earth elementals
  A cyclops skeleton (Crypt:1)
  A scorpion (shapeshifter) (Elf:1)
  A water moccasin skeleton (D:9)
  3 scorpions
  4 troll zombies
  A spectral ogre (Orc:2)
  3 electric eels
  97 wights
  A troll skeleton (Geh:2)
  2 howler monkeys
  15 crimson imps
  4 quasits
  4 centaur zombies
  7 human zombies
  A jelly (D:13)
  15 orc priests
  8 hounds
  Crazy Yiuf (D:7)
  6 centaur skeletons
  15 orc wizards
  4 bullfrog skeletons
  2 iron imps (Abyss:3)
  5 iguanas
  6 hell rats (Hell)
  14 worker ants
  A killer bee zombie (D:6)
  3 big kobold zombies (Ossuary)
  A naga skeleton (Geh:2)
  An ogre skeleton (Crypt:3)
  A hound zombie (D:5)
  A hound skeleton (D:4)
  A howler monkey zombie (D:11)
  14 mummies
  2 worker ant zombies
  14 gnolls
  A howler monkey skeleton (D:4)
  23 adders
  An ogre simulacrum (Orc:2)
  6 river rats (Sewer)
  A swamp drake skeleton (Crypt:2)
  24 shadow imps
  16 white imps
  2 orc simulacra (Orc:2)
  3 oozes
  An adder skeleton (D:9)
  An adder zombie (Ossuary)
  3 worms
  3 dart slugs
  4 leopard geckos
  78 orcs
  7 giant cockroaches
  7 goblins
  4 hobgoblins
  23 jackals
  12 kobolds
  5 quokkas
  11 ball pythons (Sewer)
  6 bats
  9 frilled lizards
  A frilled lizard skeleton (Crypt:1)
  A giant cockroach zombie (Crypt:1)
  8 hobgoblin zombies (Ossuary)
  A jackal zombie (Ossuary)
  A kobold skeleton (Tar:7)
  11 kobold zombies
  10 orc zombies
  2 quokka skeletons
  A quokka zombie (D:5)
  32 rats
  A rat zombie (Crypt:2)
  3 spectral orcs
  2 crawling corpses (Depths:3)
  4 fire vortices
  5 fungi
  A lurking horror (Abyss:3)
  11 plants
  8 starspawn tentacles (Abyss:3)
  9 tentacles
4084 creatures vanquished.

Vanquished Creatures (collateral kills)
  2 shard shrikes (Coc:1)
  A bone dragon (Tar:7)
  10 Tzitzimimeh
  3 doom hounds
  A Brimstone Fiend (Geh:2)
  2 Ice Fiends
  A deep elf blademaster (Tar:4)
  6 shadow dragons
  A fire giant (Tar:4)
  2 frost giants (Coc:7)
  A balrug (Geh:1)
  8 reapers
  A vampire knight (Tar:4)
  3 blizzard demons
  A kraken zombie (Coc:1)
  3 quicksilver dragon zombies
  5 ice dragons
  A ghost crab (Tar:5)
  3 quicksilver dragon skeletons
  3 hell hogs
  3 titan zombies
  3 soul eaters
  2 storm dragon zombies
  27 skeletal warriors
  3 titan skeletons
  2 golden dragon zombies
  2 storm dragon skeletons
  5 hell knights
  3 anaconda zombies
  2 shadow demons
  2 flayed ghosts
  A deep elf archer (Tar:1)
  A golden dragon skeleton (Coc:1)
  A shadow dragon zombie (Coc:7)
  An anaconda skeleton (Coc:1)
  A fire giant zombie (Tar:4)
  4 frost giant zombies
  4 shadow dragon skeletons
  2 stone giant zombies
  A wolf spider zombie (Coc:4)
  2 iron dragon skeletons
  A rust devil (Hell)
  4 stone giant skeletons
  A frost giant skeleton (Coc:1)
  A fire giant skeleton (Coc:2)
  2 dire elephant skeletons
  A molten gargoyle (Geh:1)
  2 spectral swamp worms (Tar:7)
  A shock serpent zombie (Tar:4)
  3 dire elephant zombies
  11 freezing wraiths
  2 hellions (Tar:4)
  6 hydra zombies
  5 tormentors
  A catoblepas skeleton (Tar:5)
  4 ice devils
  4 red devils
  2 silent spectres
  5 alligator zombies
  A harpy skeleton (Tar:7)
  2 hydra skeletons
  An ettin zombie (Coc:4)
  An ice dragon zombie (Tar:6)
  18 flying skulls
  A fire dragon skeleton (Geh:3)
  2 wraiths
  An alligator skeleton (Geh:1)
  3 shadows
  A water elemental (Coc:7)
  3 ettin skeletons
  3 hungry ghosts
  6 fire elementals
  A spatial vortex (Geh:2)
  A hydra simulacrum (Coc:5)
  A merfolk zombie (Coc:5)
  10 hell hounds
  4 spiny frog zombies
  2 spiny frog skeletons
  A phantom (Tar:5)
  A snapping turtle zombie (Coc:7)
  2 necrophages
  A swamp dragon skeleton (Coc:3)
  A manticore skeleton (Geh:1)
  An elf skeleton (Tar:4)
  16 wights
  A mummy (Coc:4)
  A shadow imp (Tar:1)
  5 white imps
278 creatures vanquished.

Vanquished Creatures (others)
  An elemental wellspring (Coc:7)
  A thrashing horror (Abyss:3)
  A wizard (Vaults:3)
  A phantasmal warrior (Tar:3)
  A deep elf mage (Elf:2)
  An ugly thing (Vaults:1)
  2 freezing wraiths
  A hydra zombie (Coc:7)
  A hornet (Depths:4)
  A wolf spider simulacrum (Hell)
  2 spriggans (Depths:4)
  A wraith (Geh:4)
  2 fire elementals
  A black mamba skeleton (Hell)
  An ogre (Vaults:3)
  2 wights
  A mummy (Coc:7)
  A bat (D:3)
  13 fungi
  10 plants
  4 starspawn tentacles (Abyss:3)
  12 tentacles
61 creatures vanquished.

Grand Total: 4423 creatures vanquished

Notes
Turn   | Place    | Note
-------+----------+-------------------------------------------
     0 | D:1      | FluffierThanThou the Minotaur Fighter began the quest for
                  | the Orb.
     0 | D:1      | Reached XP level 1. HP: 19/19 MP: 0/0
   170 | D:1      | Reached XP level 2. HP: 24/27 MP: 1/1
   640 | D:2      | Reached XP level 3. HP: 26/33 MP: 2/2
   689 | D:2      | Noticed an ogre
   805 | D:2      | Noticed a centaur
   811 | D:2      | Killed a centaur
   811 | D:2      | Reached skill level 4 in Fighting
   811 | D:2      | Reached XP level 4. HP: 33/41 MP: 3/3
   986 | D:2      | Reached XP level 5. HP: 21/47 MP: 4/4
  1209 | D:2      | Killed an ogre
  1209 | D:2      | Reached skill level 5 in Armour
  1209 | D:2      | Reached skill level 5 in Shields
  1310 | D:2      | Reached XP level 6. HP: 55/55 MP: 5/5
  1434 | D:3      | Reached skill level 5 in Fighting
  1713 | D:3      | Found a radiant altar of Vehumet.
  1783 | D:3      | Found a hazy altar of Hepliaklqana.
  1838 | D:3      | Found a hide-covered altar of Uskayaw.
  1920 | D:3      | Found a large runed translucent door.
  1920 | D:3      | Found a large runed translucent door.
  1921 | D:3      | Noticed TheAraber's ghost (amateur DrIE)
  2111 | D:3      | Found a sparkling altar of Nemelex Xobeh.
  2389 | D:4      | Reached skill level 1 in Bows
  2499 | D:4      | Reached skill level 5 in Axes
  2522 | D:4      | Reached XP level 7. HP: 30/61 MP: 6/6
  3030 | D:4      | Noticed a manticore
  3040 | D:4      | Killed a manticore
  3040 | D:4      | Reached skill level 6 in Fighting
  3217 | D:4      | Reached XP level 8. HP: 67/71 MP: 7/7
  3288 | D:5      | Entered Level 5 of the Dungeon
  3301 | D:5      | Found a bloodstained altar of Trog.
  3326 | D:5      | Found a glowing drain.
  3337 | Sewer    | Entered a sewer
  3793 | D:5      | Reached skill level 7 in Fighting
  4536 | D:6      | Reached skill level 5 in Bows
  4555 | D:6      | Found a staircase to the Ecumenical Temple.
  4563 | Temple   | Entered the Ecumenical Temple
  4573 | Temple   | Became a worshipper of Warmaster Okawaru
  4972 | D:6      | Reached XP level 9. HP: 81/81 MP: 8/8
  4994 | D:6      | Reached * piety under Okawaru
  5087 | D:6      | Reached skill level 8 in Fighting
  5460 | D:7      | Found a sand-covered staircase.
  5474 | Ossuary  | Entered an ossuary
  5840 | D:7      | Reached ** piety under Okawaru
  5960 | D:7      | Reached skill level 9 in Fighting
  5984 | D:7      | Reached *** piety under Okawaru
  5990 | D:7      | Reached XP level 10. HP: 39/91 MP: 9/9
  6471 | D:7      | Found a basalt altar of Yredelemnul.
  6779 | D:7      | Found a runed translucent door.
  6780 | D:7      | Noticed Crazy Yiuf
  6786 | D:7      | Killed Crazy Yiuf
  6888 | D:8      | Found a snail-covered altar of Cheibriados.
  6888 | D:8      | Found a shattered altar of Ashenzari.
  6890 | D:8      | Found a glowing silver altar of Zin.
  6890 | D:8      | Found a sacrificial altar of Ru.
  6993 | D:8      | Found a burning altar of Makhleb.
  6993 | D:8      | Found a white marble altar of Elyvilon.
  7002 | D:8      | Found an opulent altar of Gozag.
  7736 | D:9      | Reached skill level 10 in Armour
  7747 | D:9      | Received a gift from Okawaru
  7839 | D:9      | Reached skill level 10 in Fighting
  7873 | D:9      | Found Zoegriaq's Magic Scroll Shop.
  7989 | D:9      | Paralysed by a hornet for 2 turns
  7993 | D:9      | Reached **** piety under Okawaru
  7993 | D:9      | Reached skill level 10 in Axes
  8302 | D:9      | Noticed a seven-headed hydra
  8308 | D:9      | Killed a seven-headed hydra
  8360 | D:9      | Noticed a tengu warrior
  8378 | D:9      | Reached ***** piety under Okawaru
  8378 | D:9      | Reached XP level 11. HP: 101/101 MP: 7/10
  8381 | D:9      | Killed a tengu warrior
  8540 | D:9      | Found a runed translucent gate.
  8540 | D:9      | Found a runed translucent gate.
  8544 | D:9      | Noticed a green very ugly thing
  8544 | D:9      | Noticed a brown ugly thing
  8544 | D:9      | Noticed a glowing orange brain
  8545 | D:9      | Found a runed translucent gate.
  8545 | D:9      | Noticed a purple ugly thing
  8546 | D:9      | Noticed a purple ugly thing
  8546 | D:9      | Noticed a white ugly thing
  8572 | D:9      | Found a staircase to the Lair.
  8755 | Lair:1   | Entered Level 1 of the Lair of Beasts
  8764 | Lair:1   | Reached skill level 11 in Fighting
  8796 | Lair:1   | Got a faintly humming large shield
  9052 | Lair:1   | Noticed a seven-headed hydra
  9073 | Lair:1   | Killed an eight-headed hydra
  9073 | Lair:1   | Received a gift from Okawaru
  9533 | Lair:1   | Received a gift from Okawaru
  9536 | Lair:1   | Got a crude broad axe {god gift}
  9585 | Lair:1   | Got an ancient morningstar
  9901 | Lair:2   | Got a jewelled leather armour
  9912 | Lair:2   | Identified the +4 leather armour of Foolhardiness {Int+6}
                  | (You found it on level 2 of the Lair of Beasts)
 10035 | Lair:2   | Found a staircase to the Snake Pit.
 10157 | Lair:2   | Reached skill level 10 in Bows
 10319 | Lair:2   | Identified the +10 broad axe "Newtbane" {freeze, Int+3}
                  | (Okawaru gifted it to you on level 1 of the Lair of Beasts)
 10325 | Lair:2   | Identified the +4 large shield of the Crown {rElec Regen+
                  | Str+7 Stlth-} (You found it on level 1 of the Lair of
                  | Beasts)
 10335 | Lair:2   | Identified the cursed +1 morningstar of Quick Death
                  | {freeze, rF+} (You found it on level 1 of the Lair of
                  | Beasts)
 10351 | Lair:2   | Noticed a four-headed hydra
 10362 | Lair:2   | Killed a four-headed hydra
 10362 | Lair:2   | Received a gift from Okawaru
 10594 | Lair:3   | Reached skill level 12 in Fighting
 10602 | Lair:3   | Reached XP level 12. HP: 112/112 MP: 11/11
 10689 | Lair:3   | Noticed a six-headed hydra
 10694 | Lair:3   | Killed a six-headed hydra
 10694 | Lair:3   | Reached ****** piety under Okawaru
 10739 | Lair:3   | Found a staircase to the Swamp.
 10741 | Lair:3   | Noticed a six-headed hydra
 10763 | Lair:3   | Killed a six-headed hydra
 10763 | Lair:3   | Received a gift from Okawaru
 10935 | Lair:3   | Found a deep blue altar of Sif Muna.
 11106 | Lair:3   | You fall through a shaft for 3 floors!
 11106 | Lair:6   | Entered Level 6 of the Lair of Beasts
 11851 | Lair:6   | Noticed a five-headed hydra
 11875 | Lair:6   | Killed a five-headed hydra
 12001 | Lair:6   | Identified a scroll of acquirement
 12112 | Lair:6   | Noticed a catoblepas
 12129 | Lair:6   | Killed a catoblepas
 12129 | Lair:6   | Reached skill level 13 in Fighting
 12262 | Lair:6   | Noticed a death yak
 12281 | Lair:6   | Killed a death yak
 12281 | Lair:6   | Reached XP level 13. HP: 105/122 MP: 9/12
 12292 | Lair:6   | Reached skill level 10 in Shields
 12318 | Lair:6   | Received a gift from Okawaru
 12322 | Lair:6   | Got a polished plate armour {god gift}
 12333 | Lair:6   | Identified the +1 plate armour "Huric" {rCorr Int+2 Dex+4
                  | Slay-4} (Okawaru gifted it to you on level 6 of the Lair of
                  | Beasts)
 12452 | Lair:6   | Identified the Disquisition on Feathers
 13305 | Lair:5   | Found a viscous altar of Jiyva.
 13306 | Lair:5   | Found a staircase to the Slime Pits.
 13834 | Lair:4   | Reached skill level 1 in Invocations
 14137 | Lair:4   | Received a gift from Okawaru
 14144 | Lair:4   | Reached skill level 14 in Fighting
 14713 | D:10     | Entered Level 10 of the Dungeon
 14833 | D:10     | Reached XP level 14. HP: 119/132 MP: 14/14
 14837 | D:10     | Found a transporter.
 14844 | D:10     | Noticed Menchi's ghost (journeyman GnFi)
 14881 | D:10     | Found a transporter.
 14951 | D:10     | Found Xushreg's Elemental Accessories.
 15128 | D:10     | Found a blossoming altar of Fedhas.
 15237 | D:10     | Killed Menchi's ghost
 15509 | Lair:3   | Got a brightly glowing chain mail {god gift}
 15520 | Lair:3   | Identified the +2 chain mail of Absolutism {rF+ MR+ Slay+3
                  | Stlth+} (Okawaru gifted it to you on level 3 of the Lair of
                  | Beasts)
 15925 | D:11     | Noticed Erica
 15942 | D:11     | Killed Erica
 16256 | D:11     | Got a coiled golden ring
 16257 | D:11     | Identified the ring of the Enemy {rC+ Int+6} (You acquired
                  | it on level 11 of the Dungeon)
 16423 | Swamp:1  | Entered Level 1 of the Swamp
 16493 | Swamp:1  | Noticed Jorgrun
 16509 | Swamp:1  | Killed Jorgrun
 16509 | Swamp:1  | Received a gift from Okawaru
 16548 | Swamp:1  | Noticed Aizul
 16563 | Swamp:1  | Killed Aizul
 16850 | Swamp:1  | Reached skill level 5 in Invocations
 16962 | Swamp:1  | Identified the Guide on Supportive Lightness
 17705 | Swamp:2  | Received a gift from Okawaru
 17982 | Swamp:2  | Paralysed by a hornet for 2 turns
 18173 | Swamp:2  | Reached XP level 15. HP: 139/139 MP: 18/18
 18208 | Swamp:2  | Got a scorched marble ring
 18210 | Swamp:2  | Identified the ring of Miracles {*Drain rPois Str+5 Dex+3}
                  | (You found it on level 2 of the Swamp)
 18359 | Swamp:3  | Noticed a thorn hunter
 18363 | Swamp:3  | Killed a thorn hunter
 18436 | Swamp:3  | Found a runed translucent gate.
 18544 | Swamp:3  | Noticed LabCoat's ghost (journeyman HOFi)
 18545 | Swamp:3  | Identified Roxanne's Volume of Transformation
 18545 | Swamp:3  | Noticed Roxanne
 18553 | Swamp:3  | Found a runed translucent gate.
 18553 | Swamp:3  | Found a runed translucent gate.
 18917 | Swamp:3  | Reached skill level 15 in Armour
 19012 | Swamp:3  | Reached skill level 15 in Fighting
 19025 | Swamp:3  | Received a gift from Okawaru
 19034 | Swamp:3  | Found an ancient bone altar of Kikubaaqudgha.
 19323 | Swamp:3  | Killed LabCoat's ghost
 19325 | Swamp:3  | Reached skill level 15 in Axes
 19376 | Swamp:3  | Killed Roxanne
 19575 | Swamp:4  | Entered Level 4 of the Swamp
 19600 | Swamp:4  | Reached skill level 15 in Shields
 19663 | Swamp:4  | Received a gift from Okawaru
 20120 | Swamp:4  | Received a gift from Okawaru
 20162 | Swamp:4  | Got a decaying rune of Zot
 20284 | Swamp:4  | Noticed a thorn hunter
 20295 | Swamp:4  | Killed a thorn hunter
 20295 | Swamp:4  | Reached XP level 16. HP: 116/149 MP: 19/21
 20539 | Snake:1  | Entered Level 1 of the Snake Pit
 20604 | Snake:1  | Found Cotsisew's Assorted Antiques.
 21709 | Snake:2  | Reached skill level 10 in Invocations
 21895 | Snake:2  | Noticed Vashnia
 21903 | Snake:2  | Killed Vashnia
 21903 | Snake:2  | Received a gift from Okawaru
 21957 | Snake:2  | Reached skill level 16 in Fighting
 22002 | Snake:2  | Found a stormy altar of Qazlal.
 22064 | Snake:2  | Received a gift from Okawaru
 22742 | Snake:3  | Reached XP level 17. HP: 141/159 MP: 23/23
 23726 | Snake:4  | Entered Level 4 of the Snake Pit
 23730 | Snake:4  | Noticed Kirke
 23743 | Snake:4  | Killed Kirke
 23882 | Snake:4  | Received a gift from Okawaru
 23946 | Snake:4  | Noticed Mara
 23966 | Snake:4  | Noticed FluffierThanThou's illusion
 23989 | Snake:4  | Killed Mara
 23989 | Snake:4  | Received a gift from Okawaru
 24221 | Snake:4  | Received a gift from Okawaru
 24317 | Snake:4  | Reached skill level 17 in Fighting
 24395 | Snake:4  | Received a gift from Okawaru
 24639 | Snake:4  | Got a serpentine rune of Zot
 24758 | Snake:4  | Reached XP level 18. HP: 151/170 MP: 24/24
 25136 | D:12     | Paralysed by a hornet for 1 turns
 25313 | D:12     | You fall through a shaft for 2 floors!
 25585 | D:14     | Received a gift from Okawaru
 25850 | D:13     | Found a gate to the Vaults.
 25856 | D:13     | Noticed Azrael
 25876 | D:13     | Killed Azrael
 26124 | D:12     | Received a gift from Okawaru
 26353 | D:12     | Found a staircase to the Orcish Mines.
 26544 | D:12     | Got an encrusted buckler
 26555 | D:12     | Identified the cursed +0 buckler of Ahoystus {rC++} (You
                  | found it on level 12 of the Dungeon)
 26847 | D:13     | Received a gift from Okawaru
 27206 | D:14     | Found an opulent altar of Gozag.
 27385 | D:15     | Entered Level 15 of the Dungeon
 27462 | D:15     | Found a frozen archway.
 27487 | IceCv    | Entered an ice cave
 27983 | D:15     | Found a staircase to the Depths.
 28433 | Orc:1    | Entered Level 1 of the Orcish Mines
 28548 | Orc:1    | Found a roughly hewn altar of Beogh.
 28819 | Orc:2    | Entered Level 2 of the Orcish Mines
 28828 | Orc:2    | Found a roughly hewn altar of Beogh.
 28839 | Orc:2    | Found a staircase to the Elven Halls.
 28864 | Orc:2    | Received a gift from Okawaru
 28910 | Orc:2    | Found Pehogo's Armour Shop.
 28917 | Orc:2    | Found Only's Gadget Shoppe.
 28921 | Orc:2    | Found Awnehobi's General Store.
 28929 | Orc:2    | Received a gift from Okawaru
 28930 | Orc:2    | Reached skill level 18 in Fighting
 29171 | Orc:2    | Found Pateovac's Weapon Shoppe.
 29307 | Orc:2    | Found a runed translucent gate.
 29307 | Orc:2    | Found a runed translucent gate.
 29307 | Orc:2    | Found a runed translucent gate.
 29354 | Orc:2    | Noticed Ikoden's ghost (journeyman HOFi)
 29465 | Orc:2    | Killed Ikoden's ghost
 29465 | Orc:2    | Received a gift from Okawaru
 29679 | Elf:1    | Entered Level 1 of the Elven Halls
 29889 | Elf:1    | Reached XP level 19. HP: 179/179 MP: 25/25
 29913 | Elf:1    | You fall through a shaft!
 30113 | Elf:2    | Found a huge runed translucent gate.
 30114 | Elf:2    | Found a huge runed translucent gate.
 30115 | Elf:2    | Found a huge runed translucent gate.
 30116 | Elf:2    | Found a huge runed translucent gate.
 30117 | Elf:2    | Found a huge runed translucent gate.
 30300 | Elf:2    | Found Hptanelu's Humungous Hoard.
 30539 | Elf:1    | Found Qurhyu Ugee's Magic Scroll Shoppe.
 30545 | Elf:1    | Bought a scroll of enchant weapon for 135 gold pieces
 30545 | Elf:1    | Bought a scroll of enchant armour for 135 gold pieces
 30545 | Elf:1    | Bought a scroll of enchant armour for 135 gold pieces
 30545 | Elf:1    | Bought a scroll of enchant weapon for 135 gold pieces
 30683 | Elf:1    | Received a gift from Okawaru
 30696 | Elf:1    | Got a crystal broad axe {god gift}
 30703 | Elf:1    | Identified the Compendium of Flight
 30713 | Elf:1    | Identified the +0 broad axe "Giantslayer" {speed, rC+++
                  | Int-2} (Okawaru gifted it to you on level 1 of the Elven
                  | Halls)
 30738 | Elf:1    | Found a roughly hewn altar of Beogh.
 30742 | Elf:1    | Reached skill level 1 in Dodging
 30750 | Elf:1    | Reached skill level 1 in Evocations
 31179 | Elf:2    | Received a gift from Okawaru
 31338 | Elf:2    | Noticed Asterion
 31345 | Elf:2    | Killed Asterion
 31575 | Vaults:1 | Entered Level 1 of the Vaults
 31652 | Vaults:1 | Received a gift from Okawaru
 31699 | Vaults:1 | Got a slimy hat
 31716 | Vaults:1 | Identified the +3 hat "Syasaku" {+Fly} (You found it on
                  | level 1 of the Vaults)
 31721 | Vaults:1 | Found a radiant altar of Vehumet.
 31770 | Vaults:1 | Identified the cursed +0 robe of True Grit {Dex+3} (You
                  | found it on level 1 of the Vaults)
 32266 | Vaults:1 | Reached XP level 20. HP: 177/189 MP: 27/27
 32436 | Vaults:1 | Found Woenuaw's Jewellery Shop.
 32442 | Vaults:1 | Bought the ring of Riew {rF+ rN+ MP+9 Str+3 Slay+2} for 846
                  | gold pieces
 32794 | Vaults:2 | Reached skill level 19 in Fighting
 33094 | Vaults:2 | Reached skill level 5 in Dodging
 33403 | Vaults:2 | Received a gift from Okawaru
 33818 | Vaults:2 | Got a warped demon blade
 33819 | Vaults:2 | Identified the +8 demon blade "Orb Guardian's Doom" {flame,
                  | Int+2} (You found it on level 2 of the Vaults)
 34437 | Vaults:3 | Reached skill level 5 in Evocations
 34543 | Vaults:3 | Received a gift from Okawaru
 34616 | Vaults:3 | Received a gift from Okawaru
 34647 | Vaults:3 | Found a staircase to the Crypt.
 34933 | Vaults:3 | Received a gift from Okawaru
 34943 | Vaults:3 | Got a heavily runed scale mail {god gift}
 34958 | Vaults:3 | Identified the +5 scale mail of Oblivion {rC+ rN+} (Okawaru
                  | gifted it to you on level 3 of the Vaults)
 35249 | Vaults:4 | Reached XP level 21. HP: 188/199 MP: 28/28
 35995 | Vaults:4 | Received a gift from Okawaru
 36052 | Vaults:4 | Received a gift from Okawaru
 36635 | Vaults:5 | Entered Level 5 of the Vaults
 36648 | Vaults:5 | Reached skill level 20 in Fighting
 36661 | Vaults:5 | Noticed a golden dragon
 36677 | Vaults:5 | Killed a golden dragon
 36690 | Vaults:5 | Reached XP level 22. HP: 119/209 MP: 30/30
 36700 | Vaults:5 | Received a gift from Okawaru
 36707 | Vaults:5 | Noticed an ancient lich
 36836 | Vaults:5 | Killed an ancient lich
 36854 | Vaults:5 | Reached skill level 10 in Dodging
 36937 | Vaults:5 | Got a warped tin ring
 36946 | Vaults:5 | Identified the ring "Ysa Tioq" {rC+ Str+8} (You found it on
                  | level 5 of the Vaults)
 36963 | Vaults:5 | Identified the Compendium of Attacks
 37014 | Vaults:5 | Received a gift from Okawaru
 37016 | Vaults:5 | Identified the ring "Numeidd" {rElec MR+ EV+1 Int+7} (You
                  | found it on level 5 of the Vaults)
 37147 | Vaults:5 | Got a faintly humming scale mail
 37158 | Vaults:5 | Identified the +5 scale mail of Compassion {rF+} (You found
                  | it on level 5 of the Vaults)
 37422 | Vaults:5 | Got a faintly humming plate armour
 37447 | Vaults:5 | Identified the +9 plate armour "Host" {Str+4} (You found it
                  | on level 5 of the Vaults)
 37485 | Vaults:5 | Got a bound tin amulet
 37487 | Vaults:5 | Identified the amulet of Poxur {Gourm +Inv} (You found it
                  | on level 5 of the Vaults)
 37912 | Vaults:5 | Got a silver rune of Zot
 38171 | Vaults:1 | Bought the amulet of Temptation {Faith *Slow rN++ Dex+6}
                  | for 1032 gold pieces
 38296 | Depths:1 | Entered Level 1 of the Depths
 38389 | Depths:1 | Paralysed by a wizard for 3 turns
 38544 | Depths:1 | Found a sacrificial altar of Ru.
 38695 | Depths:1 | Found a one-way gate to the infinite horrors of the Abyss.
 39084 | Depths:1 | Found a gateway to Hell.
 39324 | Depths:2 | Reached XP level 23. HP: 218/218 MP: 32/32
 39357 | Depths:2 | Reached skill level 21 in Fighting
 39361 | Depths:2 | Learned a level 1 spell: Apportation
 39364 | Depths:2 | Learned a level 2 spell: Blink
 39433 | Depths:2 | Reached skill level 1 in Translocations
 39436 | Depths:2 | Received a gift from Okawaru
 39514 | Depths:2 | Identified the +6 great sword of Wapsiud {venom, Dex+4
                  | SInv}
 39535 | Depths:2 | Cast into level 3 of the Abyss (a lich)
 39745 | Abyss:3  | Found a hazy altar of Hepliaklqana.
 40017 | Abyss:3  | Received a gift from Okawaru
 40023 | Abyss:3  | Got an encrusted longbow {god gift}
 40083 | Abyss:3  | Found a corrupted altar of Lugonu.
 40115 | Abyss:3  | Found a corrupted altar of Lugonu.
 40127 | Abyss:3  | Got an abyssal rune of Zot
 40162 | Abyss:3  | Paralysed by accursed screaming for 1 turns
 40212 | Abyss:3  | Found a corrupted altar of Lugonu.
 40359 | Abyss:3  | Received a gift from Okawaru
 40408 | Abyss:3  | Reached skill level 5 in Translocations
 40480 | Abyss:3  | Received a gift from Okawaru
 40611 | Depths:2 | Escaped the Abyss
 40631 | Depths:2 | Cast into level 3 of the Abyss (a lich)
 40668 | Abyss:3  | Received a gift from Okawaru
 40828 | Depths:2 | Escaped the Abyss
 41109 | Depths:2 | Identified the +10 plate armour of Duty {Str+4 Dex+3} (You
                  | found it on level 2 of the Depths)
 41323 | Depths:3 | Found a runed translucent door.
 41323 | Depths:3 | Found a runed translucent door.
 41332 | Depths:3 | Noticed a caustic shrike
 41343 | Depths:3 | Reached XP level 24. HP: 147/231 MP: 33/33
 41358 | Depths:3 | Found the +10 Black Knight's horse barding {ponderous,
                  | rPois rN+}
 41369 | Depths:3 | Found a runed translucent door.
 41371 | Depths:3 | Found a runed translucent door.
 41612 | Depths:3 | Reached skill level 15 in Invocations
 41773 | Depths:3 | Found a one-way gate leading to the halls of Pandemonium.
 41846 | Depths:3 | Received a gift from Okawaru
 41847 | Depths:3 | Found the +15 Maxwell's patent armour {-Cast -Tele rElec
                  | MR+ rCorr}
 42016 | Depths:3 | Found a gateway to a ziggurat.
 42042 | Zig:1    | Entered Level 1 of a ziggurat
 42099 | Zig:2    | Entered Level 2 of a ziggurat
 42200 | Zig:3    | Entered Level 3 of a ziggurat
 42235 | Zig:4    | Entered Level 4 of a ziggurat
 42249 | Zig:4    | Reached skill level 22 in Fighting
 42273 | Zig:5    | Entered Level 5 of a ziggurat
 42327 | Zig:6    | Entered Level 6 of a ziggurat
 42342 | Zig:6    | Paralysed by something for 5 turns
 42391 | Zig:7    | Entered Level 7 of a ziggurat
 42464 | Zig:7    | Got an ancient granite ring
 42466 | Zig:7    | Identified the ring of Wuaph {Wiz rC+ Str+3} (You found it
                  | on level 7 of a ziggurat)
 42474 | Zig:8    | Entered Level 8 of a ziggurat
 42528 | Zig:9    | Entered Level 9 of a ziggurat
 42541 | Zig:9    | Found the +3 giant club "Skullcrusher" {speed, Str+7}
 42586 | Zig:9    | Reached XP level 25. HP: 240/240 MP: 33/33
 42587 | Zig:9    | Reached XP level 26. HP: 248/248 MP: 33/33
 42588 | Zig:9    | Reached XP level 27. HP: 256/256 MP: 33/33
 42601 | Zig:10   | Entered Level 10 of a ziggurat
 42622 | Zig:10   | Received a gift from Okawaru
 42651 | Zig:10   | Got a translucent broad axe {god gift}
 42652 | Zig:10   | Identified the +8 broad axe of Fimbulwinter {flame, rElec}
                  | (Okawaru gifted it to you on level 10 of a ziggurat)
 42666 | Zig:10   | Identified the Disquisition on Creative Transmigration
 42677 | Zig:10   | Identified the Catalogue of the Creative Glacier
 42685 | Zig:11   | Entered Level 11 of a ziggurat
 42700 | Zig:11   | Found the +0 pair of fencer's gloves {Riposte Dex+3}
 42700 | Zig:11   | Found the +9 scales of the Dragon King {rPois rF+ rC+ MR+}
 42702 | Zig:11   | Found the +8 arc blade {discharge, rElec}
 42716 | Zig:11   | Reached skill level 23 in Fighting
 42814 | Zig:12   | Entered Level 12 of a ziggurat
 42876 | Zig:12   | Identified Sif Muna's Volume of Boosts
 42910 | Zig:12   | Got a serpentine wooden ring
 42912 | Zig:12   | Identified the ring "Qeviti" {rN+ Str+3} (You found it on
                  | level 12 of a ziggurat)
 43209 | Depths:4 | Noticed Jory
 43218 | Depths:4 | Noticed Boris
 43219 | Depths:4 | Killed Jory
 43222 | Depths:4 | Received a gift from Okawaru
 43235 | Depths:4 | Killed Boris
 43325 | Depths:4 | Found a bloodstained altar of Trog.
 43373 | Depths:4 | Noticed Margery
 43383 | Depths:4 | Killed Margery
 43783 | Depths:4 | Identified the +10 giant club of Tinoafol {pain, rC++ MP-9
                  | Dex+4 Stlth+}
 43783 | Depths:4 | Identified the +1 giant club of Domination {protect, rPois
                  | MR- Dex+4}
 43822 | Depths:4 | Got a slimy silver amulet
 43824 | Depths:4 | Got a serpentine steel ring
 43825 | Depths:4 | Identified the amulet "Xeisushre" {+Rage +Fly rC++ Int-5
                  | Dex+4} (You found it on level 4 of the Depths)
 43826 | Depths:4 | Identified the ring "Syivooj" {rPois MR+ MP+9 Stlth+} (You
                  | found it on level 4 of the Depths)
 43836 | Depths:4 | Identified the +0 faerie dragon scales {rCorr Str+6 Dex-5}
 43836 | Depths:4 | Noticed the Enchantress
 43847 | Depths:4 | Killed the Enchantress
 43866 | Depths:4 | Got a fine cloak
 43877 | Depths:4 | Identified the +1 cloak of Gearudol {rPois rF+ Int+4} (You
                  | found it on level 4 of the Depths)
 44575 | Depths:5 | Entered Level 5 of the Depths
 44634 | Depths:5 | Received a gift from Okawaru
 44750 | Depths:5 | Received a gift from Okawaru
 44776 | Depths:5 | Noticed a juggernaut
 44794 | Depths:5 | Killed a juggernaut
 44895 | Depths:5 | Received a gift from Okawaru
 44901 | Depths:5 | Received a gift from Okawaru
 45068 | Depths:5 | Received a gift from Okawaru
 45117 | Depths:5 | Found a gate to the Realm of Zot.
 45687 | Slime:1  | Entered Level 1 of the Pits of Slime
 45719 | Slime:1  | Gained mutation: Your flesh is cold resistant. (rC+) [a
                  | shining eye]
 45724 | Slime:1  | Gained mutation: Your magical capacity is low. (-10% MP) [a
                  | shining eye]
 45727 | Slime:1  | Gained mutation: You are dopey. (Int -2) [a shining eye]
 45936 | Slime:2  | Reached skill level 15 in Dodging
 46033 | Slime:1  | Reached skill level 24 in Fighting
 46282 | Slime:2  | Gained mutation: You tend to lose your temper in combat. [a
                  | shining eye]
 46872 | Slime:4  | Received a gift from Okawaru
 46875 | Slime:4  | Got a steaming hat {god gift}
 46886 | Slime:4  | Identified the +2 hat of the Monkey's Uncle {rN+ Str+3
                  | Dex+3} (Okawaru gifted it to you on level 4 of the Pits of
                  | Slime)
 47052 | Slime:5  | Entered Level 5 of the Pits of Slime
 47079 | Slime:5  | Noticed the Royal Jelly
 47099 | Slime:5  | Killed the Royal Jelly
 47462 | Slime:5  | Gained mutation: You are very dopey. (Int -4) [a shining
                  | eye]
 47505 | Slime:5  | Got a warped turquoise ring
 47540 | Slime:5  | Got a vibrating golden ring
 47548 | Slime:5  | Got a shimmering iron amulet
 47571 | Slime:5  | Got a pair of spiked boots
 47583 | Slime:5  | Got a slimy rune of Zot
 47610 | Slime:5  | Lost mutation: You are very dopey. (Int -4) [potion of
                  | mutation]
 47610 | Slime:5  | Lost mutation: You tend to lose your temper in combat.
                  | [potion of mutation]
 47610 | Slime:5  | Lost mutation: You are dopey. (Int -2) [potion of mutation]
 47610 | Slime:5  | Gained mutation: You are weak. (Str -2) [potion of
                  | mutation]
 47610 | Slime:5  | Gained mutation: You do not regenerate when monsters are
                  | visible. [potion of mutation]
 47610 | Slime:5  | Gained mutation: You have a pair of large horns on your
                  | head. [potion of mutation]
 47610 | Slime:5  | Gained mutation: You have sharp toenails. [potion of
                  | mutation]
 47613 | Slime:5  | Identified the ring of Fun {rF+ MR+ Int+3} (You found it on
                  | level 5 of the Pits of Slime)
 47614 | Slime:5  | Identified the ring "Beless" {Fire rN+} (You found it on
                  | level 5 of the Pits of Slime)
 47615 | Slime:5  | Identified the amulet of Liberty {Inacc rF+ Str+2} (You
                  | found it on level 5 of the Pits of Slime)
 47619 | Slime:5  | Identified the +1 pair of boots of the Heavens {Int+3} (You
                  | found it on level 5 of the Pits of Slime)
 47621 | Slime:5  | Identified the +9 longbow "Pouchul" {freeze, +Blink rF+
                  | SInv} (Okawaru gifted it to you on level 3 of the Abyss)
 48112 | Slime:4  | Gained mutation: You are dopey. (Int -2) [a shining eye]
 48117 | Slime:4  | Gained mutation: Your magical capacity is very low. (-20%
                  | MP) [a shining eye]
 48164 | Slime:3  | Gained mutation: You are frail. (-10% HP) [a shining eye]
 48171 | Slime:3  | Reached skill level 10 in Evocations
 48172 | Slime:3  | Lost mutation: You do not regenerate when monsters are
                  | visible. [a shining eye]
 48176 | Slime:3  | Gained mutation: You are very weak. (Str -4) [a shining
                  | eye]
 48177 | Slime:3  | Gained mutation: You do not regenerate when monsters are
                  | visible. [a shining eye]
 48793 | Vaults:5 | Lost mutation: You are very weak. (Str -4) [potion of
                  | mutation]
 48793 | Vaults:5 | Lost mutation: You are dopey. (Int -2) [potion of mutation]
 48793 | Vaults:5 | Lost mutation: You are frail. (-10% HP) [potion of
                  | mutation]
 48793 | Vaults:5 | Lost mutation: You have a pair of large horns on your head.
                  | [potion of mutation]
 48793 | Vaults:5 | Gained mutation: Your mind is acute. (Int +2) [potion of
                  | mutation]
 48793 | Vaults:5 | Gained mutation: Your system is resistant to poisons.
                  | (rPois) [potion of mutation]
 48794 | Vaults:5 | Lost mutation: Your mind is acute. (Int +2) [potion of
                  | mutation]
 48794 | Vaults:5 | Lost mutation: You do not regenerate when monsters are
                  | visible. [potion of mutation]
 48794 | Vaults:5 | Gained mutation: You are partially covered in iridescent
                  | scales. (AC +2) [potion of mutation]
 48794 | Vaults:5 | Gained mutation: You are agile. (Dex +2) [potion of
                  | mutation]
 49153 | Temple   | Fell from the grace of Okawaru
 49153 | Temple   | Became a worshipper of the Shining One
 49457 | Crypt:1  | Entered Level 1 of the Crypt
 49473 | Crypt:1  | Reached * piety under the Shining One
 49707 | Crypt:1  | Reached ** piety under the Shining One
 50107 | Crypt:2  | Reached *** piety under the Shining One
 50611 | Crypt:2  | Reached **** piety under the Shining One
 50965 | Crypt:3  | Entered Level 3 of the Crypt
 51016 | Crypt:3  | Reached ***** piety under the Shining One
 51233 | Crypt:3  | Found the +5 scythe "Finisher" {speed, eviscerate}
 51348 | Crypt:3  | Reached ****** piety under the Shining One
 51457 | Crypt:3  | Found a staircase to the Tomb.
 51943 | Hell     | Entered the Vestibule of Hell
 51944 | Hell     | Noticed Geryon
 51996 | Hell     | Cast into level 3 of the Abyss (skeletal warrior)
 52004 | Abyss:3  | Found a corrupted altar of Lugonu.
 52025 | Hell     | Escaped the Abyss
 52073 | Hell     | Killed Geryon
 52164 | Hell     | Found a gateway to the Iron City of Dis.
 52206 | Hell     | Found a gateway to the ashen valley of Gehenna.
 52296 | Hell     | Found a gateway to the decaying netherworld of Tartarus.
 52384 | Hell     | Found a gateway to the freezing wastes of Cocytus.
 52836 | Tar:1    | Entered Level 1 of Tartarus
 53133 | Tar:1    | Reached skill level 25 in Fighting
 54740 | Tar:3    | Gained mutation: You are frail. (-10% HP) [mutagenic glow]
 56463 | Tar:4    | Was forgiven by Okawaru
 57037 | Tar:5    | Reached skill level 26 in Fighting
 57553 | Tar:5    | Gained mutation: You are very frail. (-20% HP) [mutagenic
                  | glow]
 57584 | Tar:5    | Gained mutation: You are dopey. (Int -2) [mutagenic glow]
 57625 | Tar:5    | Gained mutation: Your body sometimes deteriorates upon
                  | taking damage. [mutagenic glow]
 59081 | Tar:7    | Entered Level 7 of Tartarus
 59734 | Tar:7    | Reached skill level 27 in Fighting
 59813 | Tar:7    | Noticed Ereshkigal
 59829 | Tar:7    | Killed Ereshkigal
 59852 | Tar:7    | Got a crude ivory ring
 59855 | Tar:7    | Got a bone rune of Zot
 60041 | Hell     | Lost mutation: You are dopey. (Int -2) [potion of mutation]
 60041 | Hell     | Lost mutation: You are very frail. (-20% HP) [potion of
                  | mutation]
 60041 | Hell     | Lost mutation: Your magical capacity is very low. (-20% MP)
                  | [potion of mutation]
 60041 | Hell     | Gained mutation: You are very frail. (-20% HP) [potion of
                  | mutation]
 60041 | Hell     | Gained mutation: You evolve. [potion of mutation]
 60079 | Coc:1    | Entered Level 1 of Cocytus
 60535 | Coc:1    | Reached skill level 1 in Spellcasting
 60536 | Coc:1    | Gained mutation: You are very weak. (Str -4) [mutagenic
                  | glow]
 61144 | Coc:3    | Gained mutation: You are resistant to hostile enchantments.
                  | (MR+) [evolution]
 61691 | Coc:4    | Reached skill level 10 in Translocations
 62270 | Coc:4    | Lost mutation: You are very weak. (Str -4) [potion of
                  | mutation]
 62270 | Coc:4    | Lost mutation: You evolve. [potion of mutation]
 62270 | Coc:4    | Lost mutation: You are very frail. (-20% HP) [potion of
                  | mutation]
 62270 | Coc:4    | Gained mutation: You are somewhat resistant to further
                  | mutation. [potion of mutation]
 62271 | Coc:4    | Lost mutation: Your body sometimes deteriorates upon taking
                  | damage. [potion of mutation]
 62271 | Coc:4    | Lost mutation: You are weak. (Str -2) [potion of mutation]
 62271 | Coc:4    | Lost mutation: You have sharp toenails. [potion of
                  | mutation]
 62271 | Coc:4    | Lost mutation: You are agile. (Dex +2) [potion of mutation]
 62271 | Coc:4    | Gained mutation: Your magical capacity is very low. (-20%
                  | MP) [potion of mutation]
 62354 | Coc:5    | Reached skill level 5 in Spellcasting
 62643 | Coc:6    | Identified the +7 large shield "Onibahiz" {rC+ Slay-3 SInv}
 62805 | Coc:7    | Entered Level 7 of Cocytus
 62943 | Coc:7    | Noticed the Serpent of Hell
 62962 | Coc:7    | Killed the Serpent of Hell
 63010 | Coc:7    | Learned a level 2 spell: Song of Slaying
 63085 | Coc:7    | Reached skill level 1 in Charms
 63117 | Coc:7    | Found the +8 trident of the Octopus King {venom, rElec
                  | rPois MR+}
 63139 | Coc:7    | Identified the Reference Book on Weightlessness and Attacks
 63149 | Coc:7    | Got a twitching bone ring
 63191 | Coc:7    | Identified the ring of Grace {rN+ Dex+2 Slay+2} (You found
                  | it on level 7 of Cocytus)
 63192 | Coc:7    | Identified the ring of the Invisible Hand {Wiz *Corrode
                  | rElec MR+} (You found it on level 7 of Tartarus)
 63430 | Coc:7    | Noticed Antaeus
 63449 | Coc:7    | Killed Antaeus
 63459 | Coc:7    | Found the +8 demon trident "Rift" {distort, reach+}
 63465 | Coc:7    | Got an icy rune of Zot
 63503 | Coc:7    | Identified a glowing executioner's axe (a runed
                  | executioner's axe blessed by the Shining One)
 63503 | Coc:7    | Received a gift from the Shining One
 63937 | Geh:1    | Entered Level 1 of Gehenna
 64789 | Geh:2    | Reached skill level 5 in Charms
 64968 | Geh:2    | Cast into level 2 of the Abyss (hell knight)
 65006 | Geh:2    | Escaped the Abyss
 65075 | Geh:3    | Gained mutation: You are clumsy. (Dex -2) [mutagenic glow]
 65111 | Geh:3    | Gained mutation: Your magical capacity is extremely low.
                  | (-30% MP) [mutagenic glow]
 66040 | Geh:4    | Gained mutation: You occasionally shout uncontrollably at
                  | your foes. [mutagenic glow]
 66094 | Geh:4    | Gained mutation: Your spells are a little easier to cast,
                  | but a little less powerful. [mutagenic glow]
 66313 | Geh:5    | HP: 4/245 [hellion/damnation (19)]
 66313 | Geh:5    | The Shining One protects you from harm!
 66314 | Geh:5    | Killed from afar by a hellion

Skill      XL: |  1  2  3  4  5  6  7  8  9 10 11 12 13 14 15 16 17 18 19 20 21 22 23 24 25 26 27 |
---------------+----------------------------------------------------------------------------------+-----
Armour         | 4 5 6 8 9 10 12 13 14 15 16 17 18 19 20 21 22 26 | 26.6
Shields        | 4 5 9 12 14 15 17 18 20 21 22 23 24 25 | 25.9
Axes           | 3 4 5 6 7 9 10 11 12 13 14 15 16 17 18 25 | 25.0
Fighting       | 4 5 6 7 9 10 12 13 14 15 16 17 18 19 20 21 22 27 | 27.0
Bows           | 2 3 5 7 8 10 13 | 13.7
Invocations    | 2 6 9 10 11 12 13 14 15 21 | 21.5
Dodging        | 4 7 9 10 16 | 16.5
Evocations     | 3 5 10 | 10.0
Translocations | 6 8 9 10 | 10.0
Spellcasting   | 9 |  9.2
Charms         | 6 |  6.0

Action                   |  1- 3 |  4- 6 |  7- 9 | 10-12 | 13-15 | 16-18 | 19-21 | 22-24 | 25-27 || total
-------------------------+-------+-------+-------+-------+-------+-------+-------+-------+-------++-------
Melee: War axe           |    70 |    76 |   193 |    20 |       |       |       |       |       ||   359
       Headbutt          |     8 |     6 |    32 |    35 |   189 |   314 |   289 |   310 |  1263 ||  2446
       Battleaxe         |       |       |       |    71 |       |       |       |       |       ||    71
       Broad axe         |       |       |       |    54 |   733 |  1068 |   963 |   914 |  3248 ||  6980
       Shortbow          |       |       |       |     1 |       |       |       |       |       ||     1
       Punch             |       |       |       |     1 |       |       |       |       |       ||     1
       Executioner's axe |       |       |       |       |       |       |       |       |   455 ||   455
 Fire: Shortbow          |       |    67 |   231 |   534 |    10 |       |       |       |       ||   842
       Longbow           |       |       |       |       |       |       |       |       |    24 ||    24
 Cast: Blink             |       |       |       |       |       |       |       |     1 |     5 ||     6
Invok: Heroism           |       |       |       |     5 |    24 |    16 |    19 |    17 |    14 ||    95
       Finesse           |       |       |       |       |     4 |     5 |     5 |     7 |     7 ||    28
       Summon Divine War |       |       |       |       |       |       |       |       |    41 ||    41
       Divine Shield     |       |       |       |       |       |       |       |       |    21 ||    21
       Cleansing Flame   |       |       |       |       |       |       |       |       |     4 ||     4
       Brand Weapon With |       |       |       |       |       |       |       |       |     1 ||     1
 Abil: Evoke Flight      |       |       |       |       |       |       |       |     2 |     2 ||     4
       Stop Flying       |       |       |       |       |       |       |       |       |     2 ||     2
Evoke: Wand              |       |       |       |       |       |       |       |       |     1 ||     1
  Use: Potion            |       |     1 |     2 |     4 |     5 |     4 |     3 |     7 |    27 ||    53
       Scroll            |       |       |       |    17 |     7 |    17 |     3 |    19 |    17 ||    80
 Stab: Petrifying        |       |       |       |       |     1 |       |       |       |       ||     1
       Petrified         |       |       |       |       |     1 |       |       |       |       ||     1
       Distracted        |       |       |       |       |     1 |       |       |     3 |     1 ||     5
  Eat: Chunk             |       |     4 |    12 |    12 |    15 |    20 |    13 |     1 |    13 ||    90
       Ration            |       |       |       |     2 |     4 |     4 |     2 |     6 |    24 ||    42
Armor: Scale mail        |    40 |    48 |   129 |    11 |       |       |    29 |    16 |       ||   273
       Ring mail         |       |       |       |   130 |    41 |       |       |       |       ||   171
       Leather armour    |       |       |       |    15 |       |       |       |       |       ||    15
       Chain mail        |       |       |       |       |   206 |   168 |    96 |       |       ||   470
       Gold dragon scale |       |       |       |       |       |       |       |   150 |   731 ||   881
       Crystal plate arm |       |       |       |       |       |       |       |     4 |       ||     4
Dodge: Dodged            |    25 |    48 |   100 |   201 |   165 |   117 |   106 |   196 |  1097 ||  2055
Block: Shield            |    35 |    11 |    25 |       |       |       |       |       |       ||    71
       Large shield      |       |       |       |     1 |   681 |  1076 |   886 |   906 |  3380 ||  6930
       Other             |       |       |       |       |       |       |       |       |    48 ||    48
       Rpst.: Broad axe  |       |       |       |       |       |       |       |       |    83 ||    83
       Executioner's axe |       |       |       |       |       |       |       |       |    45 ||    45
       Longbow           |       |       |       |       |       |       |       |       |     1 ||     1
